Cogmind - Beta 12 @@@ ROGUE MODE // 2023.07.15 @ 00:21:29 Player: woons Result: Self-destructed Performance ------------- Evolutions (1) 500 Regions Visited (2) 400 Robots Destroyed (14) 70 Value Destroyed (328) 328 Prototype IDs (2) 40 Alien Tech Used (0) 0 Bonus (0) 0 TOTAL SCORE: 1338 Bonus ------- None Cogmind --------- Core Integrity 349/400 Matter 300/300 Energy 450/450 System Corruption 0% Temperature Cool (0) Movement Treading (160) Location -9/Materials Parts ------- > --- POWER (1) -------- Ion Engine > --- PROPULSION (3) --- Light Treads Light Treads Improved Aluminum Leg > --- UTILITY (3) ------ Small Storage Unit Compact Battery Hardlight Generator > --- WEAPON (2) ------- Light Assault Rifle Heavy Mace > --- INVENTORY (8) ---- Ion Engine Aluminum Leg Heat Sink Hardlight Generator Hardlight Generator Mining Laser Heavy Mace Peak State ------------ > --- POWER ------------ Ion Engine > --- PROPULSION ------- Light Treads Light Treads Improved Aluminum Leg > --- UTILITY ---------- Small Storage Unit Compact Battery Hardlight Generator > --- WEAPON ----------- Light Assault Rifle Heavy Mace > --- INVENTORY -------- Ion Engine Aluminum Leg Heat Sink Hardlight Generator Hardlight Generator Mining Laser Heavy Mace [Rating: 17] Favorites ----------- Power Ion Engine Engine Ion Engine Propulsion Light Treads Treads Light Treads Leg Aluminum Leg Utility Small Storage Unit Device Hardlight Generator Storage Small Storage Unit Weapon Light Assault Rifle Energy Gun EM Pulse Gun Ballistic Gun Light Assault Rifle Special Weapon Mining Laser Impact Weapon Heavy Mace Build | -11 -10 -9 ------- Run | Jun Mat Mat Slots Evolved 2 | . . 2 Power . | . . . Propulsion 1 | . . 1 Utility 1 | . . 1 Weapon . | . . . Parts Attached 20 | 7 4 9 Power 2 | 1 . 1 Engine 2 | 1 . 1 Core . | . . . Reactor . | . . . Propulsion 6 | 2 . 4 Treads 2 | . . 2 Leg 4 | 2 . 2 Wheel . | . . . Hover . | . . . Flight . | . . . Utility 6 | 2 1 3 Device 4 | 1 1 2 Storage 2 | 1 . 1 Processor . | . . . Hackware . | . . . Protection . | . . . Artifact . | . . . Weapon 6 | 2 3 1 Energy Gun 1 | . 1 . Energy Cannon . | . . . Ballistic Gun 3 | 2 1 . Ballistic Cannon . | . . . Launcher . | . . . Special Weapon 1 | . 1 . Impact Weapon 1 | . . 1 Slashing Weapon . | . . . Piercing Weapon . | . . . Special Melee Weapon . | . . . Unidentified Prototypes . | . . . Parts Lost 6 | . 5 1 Power 1 | . 1 . Propulsion 1 | . 1 . Utility 2 | . 1 1 Weapon 2 | . 2 . Highest Loss Streak 3 | . 3 1 To Critical Strikes . | . . . Average Slot Usage (%) 89 | . 97 86 Engine 4 | . 13 1 Treads 14 | . . 19 Leg 15 | . 26 11 Device 11 | . 13 10 Storage 18 | . 14 20 Ballistic Gun 13 | . 21 11 Special Weapon 1 | . 5 . Impact Weapon 7 | . . 10 Naked Turns . | . . . Heaviest Build 20 | 13 13 20 Greatest Support 40 | 20 20 40 Greatest Overweight (x) 2 | 2 . . Average Overweight (x) . | . . . Largest Inventory Capacity 8 | 8 8 8 Average Capacity 7 | 7 8 8 Most Carried 7 | 4 5 7 Average Carried 4 | 2 4 5 Final Capacity 8 | 8 8 8 Final Carried 7 | 4 4 7 Class Distribution -------------------- 100% | Mutant Dominant Class ---------------- Mutant | -10/Materials Mutant | -9/Materials Resources | -11 -10 -9 ----------- Run | Jun Mat Mat Matter Collected 430 | 286 59 85 Remotely 45 | . 45 . Salvage Created 441 | 80 73 288 Parts 32 | 8 8 16 Haulers Intercepted . | . . . Recyclers Shooed . | . . . Parts Field Recycled . | . . . Retrieved Matter . | . . . Parts Self-Destructed . | . . . Prevented . | . . . Kills | -11 -10 -9 ------- Run | Jun Mat Mat Combat Hostiles Destroyed 9 | . 4 5 Melee 4 | . . 4 Guns 2 | . 2 . Cannons 1 | . 1 . AOE 1 | . 1 . Classes Destroyed 7 | 2 2 3 Tunneler 2 | 2 . . Recycler 1 | 1 . . Mechanic 1 | . . 1 Watcher 1 | . . 1 Swarmer 3 | . 3 . Grunt 4 | . 1 3 Sentry 2 | . . 2 Best Kill Streak 3 | 3 3 3 Combat Bots Only 3 | . 3 1 Max Kills in Single Turn 1 | 1 1 1 Gunslinging . | . . . Exploded 1 | . 1 . Melee 1 | . . 1 Uniques/NPCs Destroyed . | . . . Combat | -11 -10 -9 -------- Run | Jun Mat Mat Damage Taken 978 | . 674 304 Core 250 | . 199 51 Absorbed by Shields 84 | . . 84 Core Remaining (%) 60 | 100 20 . Volleys Fired 44 | 13 31 . Largest 2 | 2 2 . Hottest 120 | 40 120 . Shots Fired 68 | 26 42 . Gun 54 | 26 28 . Cannon . | . . . Launcher . | . . . Special 14 | . 14 . Kinetic 46 | 26 20 . Thermal 14 | . 14 . Explosive . | . . . Electromagnetic 8 | . 8 . Robot Hit Streak 4 | 4 2 . Robot Miss Streak 2 | 1 2 . Penetration Max . | . . . Secondary Targets . | . . . Shots Hit Robots 46 | 18 13 15 Core Hits 18 | 6 7 5 Critical Kills 1 | . . 1 Critical Parts Destroyed 3 | . . 3 Critical Strikes 4 | . . 4 Smash 4 | . . 4 Melee Attacks 20 | . . 20 Impact 20 | . . 20 Slashing . | . . . Piercing . | . . . Sneak Attacks 1 | . . 1 Combat Hostiles . | . . . Follow-up Attacks . | . . . Damage Inflicted 852 | 164 168 520 Guns 270 | 164 106 . Cannons . | . . . Explosions 38 | . 38 . Melee 520 | . . 520 Ramming . | . . . Kinetic 228 | 164 64 . Thermal 62 | . 62 . Explosive . | . . . Electromagnetic 42 | . 42 . Impact 520 | . . 520 Slashing . | . . . Piercing . | . . . Highest Corruption 6 | . 6 . Average Corruption 6 | . 6 . Corruption Purged . | . . . Corruption Blocked . | . . . Effects 2 | . 2 . Heat Flow Errors 1 | . 1 . Parts Fused 1 | . 1 . Overload Shots . | . . . Overflow Damage 173 | . . 173 Projectiles . | . . . Explosions . | . . . Melee 173 | . . 173 Knockbacks 1 | . . 1 Impact 1 | . . 1 Kinetic . | . . . Secondary . | . . . Self-Inflicted Damage . | . . . Shots . | . . . Rammed . | . . . Targets Rammed . | . . . Kicked . | . . . Crushed . | . . . Highest Temperature 267 | . 267 . Average Temperature 92 | . 92 . Received Heat Transfer 172 | . 48 124 Effects 1 | . 1 . Energy Bleed 1 | . 1 . Siege Activations . | . . . Robots Corrupted . | . . . Combat Hostiles . | . . . Parts Fried . | . . . Impact Corruptions 7 | . . 7 Robots Melted . | . . . Combat Hostiles . | . . . Parts Melted . | . . . Heat Transferred 50 | . 50 . Parts Sabotaged . | . . . Parts Stolen . | . . . Parts Stripped . | . . . Power Chain Reactions 1 | . 1 . Missiles Intercepted . | . . . Alert | -11 -10 -9 ------- Run | Jun Mat Mat Peak Influence 165 | 15 121 165 Initial 46 | . 9 46 Average 45 | 4 25 60 Maximum Alert Level . | . . . Low Security (%) 100 | 100 100 100 Level 1 . | . . . Level 2 . | . . . Level 3 . | . . . Level 4 . | . . . Level 5 . | . . . High Security . | . . . Max Security . | . . . Squads Dispatched 4 | . 3 1 Investigation 3 | . 2 1 Extermination . | . . . Reinforcement 1 | . 1 . Assault . | . . . Garrison . | . . . Intercept . | . . . Searches Triggered . | . . . Construction Impeded . | . . . Haulers Reinforced . | . . . Active Scanning Responses . | . . . Cargo Convoy Interrupts . | . . . Stealth | -11 -10 -9 --------- Run | Jun Mat Mat Distress Signals . | . . . Communications Jammed . | . . . Distress Signals . | . . . Times Spotted 19 | . 9 10 Peak Tracking Total 3 | . 3 3 Tactical Retreats 3 | . 1 2 Traps | -11 -10 -9 ------- Run | Jun Mat Mat Traps Triggered . | . . . Indirectly . | . . . Trap Hack Attempts . | . . . Triggered . | . . . Disarmed . | . . . Reprogrammed . | . . . Reused . | . . . Traps Extracted . | . . . Installed . | . . . Triggered . | . . . Machines | -11 -10 -9 ---------- Run | Jun Mat Mat Machines Disabled 1 | . 1 . Max in Single Turn 1 | . 1 . Machines Repaired . | . . . Machines Sabotaged . | . . . Overloaded Fab Kills . | . . . Hacking | -11 -10 -9 --------- Run | Jun Mat Mat Machines Accessed 5 | . 2 3 Terminals 4 | . 2 2 Fabricators . | . . . Repair Stations . | . . . Recycling Units . | . . . Scanalyzers 1 | . . 1 Garrison Access . | . . . Total Hacks 16 | . 5 11 Successful 10 | . 1 9 Failed 6 | . 4 2 Catastrophic 1 | . 1 . Database Lockouts . | . . . Manual . | . . . Terminals 10 | . 5 5 Fabricators . | . . . Repair Stations . | . . . Recycling Units . | . . . Scanalyzers 6 | . . 6 Garrison Access . | . . . Terminal Hacks 5 | . 1 4 Prototype ID Bank 1 | . 1 . Unreport Threat 2 | . . 2 Hauler Manifests 1 | . . 1 Zone Layout 1 | . . 1 Fabricator Hacks . | . . . Repair Station Hacks . | . . . Recycling Unit Hacks . | . . . Scanalyzer 5 | . . 5 Insert Component 2 | . . 2 Analyze 3 | . . 3 Garrison Access Hacks . | . . . Unauthorized Hacks . | . . . Terminals . | . . . Fabricators . | . . . Repair Stations . | . . . Recycling Units . | . . . Scanalyzers . | . . . Garrison Access . | . . . Data Cores Recovered . | . . . Used . | . . . Hacking Detections 5 | . 2 3 Full Trace Events 4 | . 2 2 Feedback Events . | . . . Feedback Blocked . | . . . Robot Schematics Acquired . | . . . Robots Built . | . . . Authchips . | . . . Time . | . . . Total Robot Build Rating . | . . . Part Schematics Acquired 2 | . . 2 Parts Built . | . . . Authchips . | . . . Time . | . . . Total Part Build Rating . | . . . Parts Repaired . | . . . Time . | . . . Parts Recycled . | . . . Recycled Matter . | . . . Retrieved Matter . | . . . Retrieved Components . | . . . Parts Scanalyzed 2 | . . 2 Part Schematics Acquired 2 | . . 2 Parts Damaged . | . . . Bothacking | -11 -10 -9 ------------ Run | Jun Mat Mat Used RIF Installer . | . . . Robots Hacked . | . . . Non-combat . | . . . Combat . | . . . Robot Hacks Applied . | . . . Relay Couplers Released . | . . . Fabnet Peak Effective % . | . . . Robots Rewired . | . . . Allies Hacked . | . . . Hacks Repelled . | . . . Allies | -11 -10 -9 -------- Run | Jun Mat Mat Total Allies . | . . . Largest Group . | . . . Highest-Rated Group . | . . . Highest-Rated Ally . | . . . Total Orders . | . . . Ally Attacks . | . . . Total Damage . | . . . Kills . | . . . Allies Corrupted . | . . . Allies Melted . | . . . Intel | -11 -10 -9 ------- Run | Jun Mat Mat Robot Analysis Total . | . . . Derelict Logs Recovered . | . . . Drone Launches . | . . . Drone Recoveries . | . . . Exploration | -11 -10 -9 ------------- Run | Jun Mat Mat Turns Passed 1267 | 145 297 825 Spaces Moved 542 | 81 128 333 Core 15 | 15 . . Treads 268 | . . 268 Legs 259 | 66 128 65 Wheels . | . . . Hover . | . . . Flight . | . . . Fastest Speed 50 | 50 120 120 Average Speed 139 | 120 120 152 Slowest Speed 160 | 150 120 160 Overloaded Moves . | . . . Propulsion Burnouts . | . . . Robots Hopped . | . . . Cave-ins Triggered 2 | . 2 . Exploration Rate (%) 18 | 5 28 22 Regions Visited 2 Branch Regions . Pre-discovered Areas . | . . . Known Exits Taken . | . . . Unknown Exits Taken 2 | 1 1 . Scrap Searched . | . . . Spaces Dug 12 | . 12 . Terrain Destroyed 15 | . 15 . Melee . | . . . Projectile 13 | . 13 . AOE 2 | . 2 . Terrain Rammed . | . . . Walls Destroyed . | . . . Machines Disabled . | . . . Actions | -11 -10 -9 --------- Run | Jun Mat Mat Total 922 | 104 204 614 Wait 285 | . 41 244 Move 538 | 80 125 333 Hop . | . . . Pick Up 11 | 4 1 6 Fast Attach 12 | 7 1 4 Attach 4 | . 1 3 Detach 1 | . . 1 Swap 4 | . 2 2 Drop 1 | . . 1 Fire 44 | 13 31 . Melee 20 | . . 20 Ram . | . . . Kick . | . . . Crush . | . . . Escape Stasis 2 | . 2 . Rewire . | . . . Trap . | . . . Miscellaneous . | . . . Route ------- -11/Junkyard -10/Materials (discovered 2 exits: *Mat / [*Min]) -9/Materials History --------- Turn | Location | Event 8 | -11/Junkyard | Discovered new exit (range 15) 146 | -11/Junkyard | Entered Materials 223 | -10/Materials | Discovered new exit (range 16) 302 | -10/Materials | Build established: Mutant 375 | -10/Materials | Crushed by falling debris 380 | -10/Materials | Crushed by falling debris 381 | -10/Materials | Core integrity fell below 50% 434 | -10/Materials | Discovered new exit (range 9) 443 | -10/Materials | Entered another Materials area 443 | -9/Materials | Evolved 2 slots: Propulsion x1, Utility x1 473 | -9/Materials | Lost 3 parts (1p1n1w) 1268 | -9/Materials | Self-destructed Last Messages --------------- 01146_ R-06 Scavenger collects Sml. Laser. 01162_ Connecting with Terminal... >>Alert(Purge) Purged threat record, alert level lowered. >>Alert(Purge) Purged threat record, alert level lowered. 01182_ K-01 Serf collects debris. 01242_ W-16 Scout suffers critical hit (Smash). 01242_ W-16 Scout destroyed. 01253_ Critical hit (Burn: +27). 01253_ Y-45 Defender destroyed. 01256_ Sneak attack on M-13 Machinist. 01256_ M-13 Machinist suffers critical hit (Smash). 01256_ Destroyed Wheel. 01256_ Destroyed Recalibrator. 01256_ Destroyed Machine Analyzer. 01256_ Destroyed Lgt. Ion Engine. 01256_ M-13 Machinist system corrupted by crushing effect. 01257_ M-13 Machinist system terminally corrupted. 01259_ Acquired 10 matter. Map ----- +----------------------------------------------------+ | ?????????# # """ #??# #???###???# # """ | | ?????????# # """ #??# #???###???# # | | ?????????###############??# #?????????# ###### | | ??????????????????????????# ########### # | | ??????????????????????????# # # # | | ??????????????????????????# # "T" + + | | ??????????????????????????# # """ # # | | ??????????????????????????# # # ###### | | ??????????????????????????# ########### ##???? | | ???????????????????######## # # ##### | | ???????????????????# # # """ # | | ???????????????????# """ # # """ + | | ???????????????????# """ # # """ # | | ???????????????????# """ # + # ### | | ???????????????????# + # "" "" ###+###?? | | ???????????????????# # # ""S"" #????????? | | ?????????????????########## # """" #?????????? | | ?????????????????# # # #?????????? | | ?????????????????# """ "" + ##########?????????? | | ?????????????????# """ "" # #??????????????????? | | ?????????????????# """ T"!# #??????????????????? | | ?????????????????# ""%# #??????????????????? | | ?????????????????# ""*# #??????????????????? | | ?????????????????#||| !# #??????????????????? | | ?????????????????#||| ! + #??????????????????? | | ?????????????????#|||[%! @# #??????????????????? | | ?????????????????###### ### #??????????????????? | | ??????????????????????###? #?????????????????? | | ?????????????????????????? ????????????????? | | ?????????????????????????? ???????????????? | | ?????????????????????????? ?????????????? | | ?????????????????????????? ##### ????????????? | | ??????????????????????????##+###?????#???????????? | | ?????????????????????????????????????????????????? | | ?????????????????????????????????????????????????? | | ?????????????????????????????????????????????????? | | ?????????????????????????????????????????????????? | | ?????????????????????????????????????????????????? | | ?????????????????????????????????????????????????? | | ?????????????????????????????????????????????????? | | ?????????????????????????????????????????????????? | | ?????????????????????????????????????????????????? | | ?????????????????????????????????????????????????? | | ?????????????????????????????????????????????????? | | ?????????????????????????????????????????????????? | | ?????????????????????????????????????????????????? | | ?????????????????????????????????????????????????? | | ?????????????????????????????????????????????????? | | ?????????????????????????????????????????????????? | | ?????????????????????????????????????????????????? | +----------------------------------------------------+ Best States ------------- Heat Dissipation 28 Energy Generation 10 Energy Capacity 450 Matter Stores 300 Matter Capacity 300 Sight Range 16 Terrain Scan Density 10 Evasion (%) 55 Recoil Reduction 2 Item Schematics ----------------- Hardlight Generator | -9/Materials | Scanalyzed Hvy. Mace | -9/Materials | Scanalyzed Robot Schematics ------------------ None Fabricated ------------ Nothing Alien Tech Used ----------------- None Achievements -------------- None Challenges ------------ None Game ------ Seed IonArcRay Manual? 0 Play Time 00:11:26 Cumulative 18.7 hours Start 2023.07.14 @ 08:39:03 End 2023.07.15 @ 00:21:29 Sessions 3 Manual Loads 0 Difficulty Rogue Special Mode None Game No. 19 Rogue 18 Adventurer 1 Explorer 0 Win Type - Total 0 Types 0/0/0/0/0/0/0/0/0 Lore% 18 Gallery% 29 Achievement% 20 Wizard Run 0 Options --------- ASCII 0 Keyboard 0 Movement Mouse Keybinds 0 Fullscreen 2 Font 24/Proggy Map View 76x50 Tactical HUD 1 Map Filters NONE Filters NONE Steam 1 RUN: 7b95dd26-791b-4a41-b3ea-b29bb847c6ba